AoeStats
← Carple

Golden Pit

503701203Analyzed
1v1 RM · 1mo ago on Sep 1, 2026· 53m 43s· 2 players
Game mode
Random Map
Map size
Tiny (2 player)
Population
200
Speed
Normal
Resources
Standard
Victory
Conquest
Starting age
Dark Age
Ending age
Imperial Age
RankedLock teamsTeams togetherTeam positionsShared explorationLock speedFull tech treeHidden civsTurbo modeCheats
Victory
Defeat
🇫🇴 Wei · Faroe Islands
1208
+18
🇨🇦 Japanese · Canada
1247
-18
Carple
4:53 Loom
10:39 Feudal Age
11:19 Double-Bit Axe
12:22 Horse Collar
19:14 Castle Age
17:22 Stone Mining
18:15 Forging
18:18 Gold Mining
19:37 Scale Mail Armor
19:28 Fletching
20:14 Squires
21:08 Bow Saw
21:49 Husbandry
22:39 Town Watch
29:34 Elite Skirmisher
35:16 Arson
37:09 Wheelbarrow
36:57 Gambesons
37:16 Padded Archer Armor
46:52 Imperial Age
45:55 Heavy Plow
46:13 Bloodlines
46:51 Bodkin Arrow
47:12 Chain Mail Armor
47:33 Iron Casting
47:03 Scale Barding Armor
47:32 Ballistics
46:43 Pikeman
49:06 Conscription
50:23 Plate Mail Armor
50:54 Blast Furnace
50:11 Leather Archer Armor
50:46 Bracer
haraldfonsdal
6:51 Loom
9:17 Feudal Age
9:52 Double-Bit Axe
10:18 Horse Collar
11:44 Wheelbarrow
19:11 Castle Age
18:30 Gold Mining
18:40 Fletching
18:51 Padded Archer Armor
19:47 Bloodlines
20:56 Husbandry
20:54 Bodkin Arrow
21:14 Leather Archer Armor
22:30 Ballistics
22:54 Leather Archer Armor
35:16 Scale Barding Armor
35:21 Forging
35:26 Murder Holes
36:38 Bow Saw
36:33 Heavy Plow
43:27 Imperial Age
42:08 Chain Barding Armor
41:58 Forging
42:44 Gold Shaft Mining
43:12 Hand Cart
42:43 Town Watch
44:08 Forging
43:50 Heavy Hei Guang Cavalry
45:43 Parthian Tactics
45:23 Thumb Ring
46:41 Chemistry
45:48 Bracer
46:44 Conscription
46:46 Town Patrol
47:31 Crop Rotation
47:45 Iron Casting
47:54 Ring Archer Armor
48:40 Ming Guang Armor
49:23 Elite Tiger Cavalry
51:57 Blast Furnace
Connection lost

Rejoining the realm…

Still unreachable

The connection could not be restored.

Session expired

The server has moved on; the page needs a fresh start.